 Dungeon Crawl Stone Soup version 0.32-a0-995-gb4a5920 (webtiles) character file.

Game seed: 13994965957304109885

431874 yapang the Metallomancer (level 22, -5/174 HPs)
             Began as a Grey Draconian Conjurer on Apr 22, 2024.
             Was the Champion of Vehumet.
             Killed by divine providence
             ... invoked by a sphinx
              (13 damage)
             ... on level 1 of the Tomb of the Ancients.
             The game lasted 02:41:19 (48346 turns).

yapang the Metallomancer (Grey Draconian Conjurer) Turns: 48346, Time: 02:41:20

Health: -5/174     AC: 22    Str: 10    XL:     22   Next: 85%
Magic:  39/42      EV: 16    Int: 27    God:    Vehumet [******]
Gold:   4850       SH: 19    Dex: 18    Spells: 4/53 levels left

rFire   + + .        U - staff of earth
rCold   . . .        l - +5 kite shield {reflect}
rNeg    + + .        (body armour unavailable)
rPois   +            V - +2 hat
rElec   .            C - scarf {repulsion}
rCorr   .            P - +2 pair of gloves of Pragmatism {Will+ Stlth+}
SInv    .            c - +0 pair of boots
Will    ++...        w - amulet of magic regeneration
Stlth   +++          F - ring of Kiary {rPois rF+ rN++ Dex+6}
HPRegen 0.49/turn    R - ring of protection from fire
MPRegen 0.68/turn

%: repel missiles, reflection
@: very slightly contaminated, studying 3 skills
A: mud breath, mud-swimmer, AC +16, amphibious, unfitting armour, cold-blooded
}: 2/15 runes: decaying, silver
a: Mud Breath, Renounce Religion


You were on level 1 of the Tomb of the Ancients.
You worshipped Vehumet.
Vehumet was exalted by your worship.
You visited 10 branches of the dungeon, and saw 39 of its levels.
You also visited: Gauntlet.

You collected 6851 gold pieces.
You spent 2001 gold pieces at shops.

Inventory:

Missiles
 J - 3 throwing nets
Armour
 c - a +0 pair of boots (worn)
 l - a +5 kite shield of reflection (worn)
 C - a scarf of repulsion (worn)
 P - the +2 pair of gloves of Pragmatism (worn) {Will+ Stlth+}
   (You found it on level 5 of the Lair of Beasts)

   Will+:     It increases your willpower.
   Stlth+:    It makes you more stealthy.
 V - a +2 hat (worn)
Magical Staves
 U - a staff of earth (weapon)
Jewellery
 p - the ring of the Townfolk {rF+ Will+ Slay+3}
   (You took it off a yaktaur captain on level 5 of the Vaults)

   [ring of protection from fire]

   Slay+3:    It affects your accuracy & damage with ranged weapons and melee
   (+3).
   rF+:       It protects you from fire.
   Will+:     It increases your willpower.
 r - a ring of wizardry
 w - an amulet of magic regeneration (around neck)
 x - a +6 ring of intelligence
 F - the ring of Kiary (left hand) {rPois rF+ rN++ Dex+6}
   (You took it off a skeletal warrior on level 3 of the Crypt)

   [ring of dexterity]

   Dex+6:     It affects your dexterity (+6).
   rF+:       It protects you from fire.
   rPois:     It protects you from poison.
   rN++:      It greatly protects you from negative energy.
 K - a ring of poison resistance
 M - the ring "Cutijuz" {rN+ rCorr Int+3}
   (You found it on level 3 of the Crypt)

   [ring of positive energy]

   Int+3:     It affects your intelligence (+3).
   rN+:       It protects you from negative energy.
   rCorr:     It protects you from acid and corrosion.
 R - a ring of protection from fire (right hand)
Wands
 f - a wand of flame (26)
 n - a wand of acid (40)
 A - a wand of mindburst (2)
 I - a wand of charming (8)
 L - a wand of iceblast (35)
Scrolls
 a - 3 scrolls of identify
 d - 16 scrolls of fear
 e - 9 scrolls of teleportation
 g - 9 scrolls of immolation
 k - 10 scrolls of vulnerability
 o - 15 scrolls of blinking
 q - 2 scrolls of enchant weapon
 y - 7 scrolls of fog
 D - 3 scrolls of summoning
 E - 6 scrolls of revelation
 G - 4 scrolls of amnesia
 T - 3 scrolls of silence
Potions
 b - a potion of magic
 h - 21 potions of curing
 i - 8 potions of brilliance
 m - 2 potions of heal wounds
 s - a potion of berserk rage
 t - 6 potions of haste
 u - 3 potions of cancellation
 v - 7 potions of lignification
 z - 4 potions of mutation
 B - 7 potions of might
 Q - 2 potions of resistance
 X - a potion of invisibility
 Y - 5 potions of ambrosia
Miscellaneous
 j - a tin of tremorstones (2/2)
 H - a sack of spiders
 W - a lightning rod (4/4)


   Skills:
 - Level 10.0 Fighting
 - Level 12.0 Staves
 - Level 10.0 Dodging
 - Level 3.0 Stealth
 - Level 16.0 Shields
 - Level 16.0 Spellcasting
 - Level 14.0 Conjurations
 + Level 7.1 Hexes
 - Level 8.0 Summonings
 - Level 4.0 Translocations
 - Level 6.0 Air Magic
 + Level 24.8 Earth Magic
 - Level 8.0 Alchemy
 - Level 12.0 Evocations


You had 4 spell levels left.
You knew the following spells:

 Your Spells              Type           Power      Damage    Failure   Level
a - Magic Dart            Conj           100%       1d8       0%          1
b - Lehudib's Crystal Sp  Conj/Erth      56%        10d13     3%          8
c - Shatter               Erth           62%        3d46*     5%          9
d - Iskenderun's Mystic   Conj/Tloc      63%        2d13      (+2d71%     4
e - Stone Arrow           Conj/Erth      100%       3d13      0%          3
f - Yara's Violent Unrav  Hex/Alch       29%        3d12      1%          5
g - Lee's Rapid Deconstr  Erth           62%        3d29*     0%          5
h - Magnavolt             Erth/Air       51%        3d21      1%          7
j - Spellforged Servitor  Conj/Summ      34%        N/A       11%         7

Your spell library contained the following spells:

 Spells                   Type           Power      Damage    Failure   Level
 Polar Vortex             Ice            10%        12d1*     100%        9
 Sandblast                Erth           100%       2d20      0%          1
 Searing Ray              Conj           100%       2d8       0%          2
 Passwall                 Erth           100%       N/A       0%          3
 Brom's Barrelling Bould  Conj/Erth      100%       2d11      0%          4
 Apportation              Tloc           86%        N/A       1%          1
 Foxfire                  Conj/Fire      100%       2x1d9     1%          1
 Shock                    Conj/Air       100%       1d9       1%          1
 Slow                     Hex            100%       N/A       1%          1
 Sting                    Conj/Alch      100%       1d9       1%          1
 Summon Small Mammal      Summ           100%       N/A       1%          1
 Blink                    Tloc           86%        N/A       1%          2
 Ensorcelled Hibernation  Hex/Ice        80%        N/A       1%          2
 Jinxbite                 Hex            100%       N/A       1%          2
 Lesser Beckoning         Tloc           86%        N/A       1%          2
 Mercury Vapours          Alch/Air       100%       N/A       1%          2
 Momentum Strike          Conj/Tloc      100%       3d10      1%          2
 Confusing Touch          Hex            57%        N/A       1%          3
 Dazzling Flash           Conj/Hex       100%       N/A       1%          3
 Inner Flame              Hex/Fire       40%        N/A       1%          3
 Mephitic Cloud           Conj/Alch/Air  64%        N/A       1%          3
 Sigil of Binding         Hex            57%        N/A       1%          3
 Swiftness                Air            52%        N/A       1%          3
 Airstrike                Air            26%        2d(4-20)  1%          4
 Fulminant Prism          Conj/Alch      34%        3d15      1%          4
 Leda's Liquefaction      Alch/Erth      52%        N/A       1%          4
 Olgreb's Toxic Radiance  Alch           59%        N/A       1%          4
 Petrify                  Alch/Erth      100%       N/A       1%          4
 Maxwell's Portable Pile  Tloc           43%        2d(9-26)  2%          3
 Summon Ice Beast         Ice/Summ       43%        N/A       2%          3
 Cause Fear               Hex            28%        N/A       2%          4
 Necrotise                Necr           84%        1d8       4%          1
 Dimensional Bullseye     Hex/Tloc       25%        N/A       4%          4
 Summon Blazeheart Golem  Fire/Summ      43%        N/A       9%          4
 Anguish                  Hex/Necr       20%        N/A       11%         4
 Fugue of the Fallen      Necr           21%        N/A       14%         3
 Ozocubu's Armour         Ice            21%        N/A       14%         3
 Vampiric Draining        Necr           21%        2d7       14%         3
 Irradiate                Conj/Alch      34%        3d23      1%          5
 Iskenderun's Battlesphe  Conj           77%        2d13      1%          5
 Bombard                  Conj/Erth      56%        9d9       1%          6
 Permafrost Eruption      Ice/Erth       46%        2x4d11    1%          6
 Freezing Cloud           Conj/Ice/Air   27%        6-21      2%          5
 Seismic Cannonade        Alch/Erth      52%        6d17      4%          7
 Summon Mana Viper        Hex/Summ       58%        N/A       5%          5
 Eringya's Noxious Bog    Alch           29%        4d6       7%          6
 Silence                  Hex/Air        27%        N/A       9%          5
 Summon Forest            Summ/Tloc      26%        N/A       11%         5
 Starburst                Conj/Fire      28%        6d9       11%         6
 Summon Cactus Giant      Summ           29%        N/A       26%         6
 Metabolic Englaciation   Hex/Ice        20%        N/A       28%         5
 Plasma Beam              Fire/Air       18%        2x1d30    45%         6
 Fulsome Fusillade        Conj/Alch      34%        (3-5)d11  58%         8
 Monstrous Menagerie      Summ           29%        N/A       82%         7
 Summon Hydra             Summ           29%        N/A       82%         7
 Enfeeble                 Hex            28%        N/A       90%         7
 Maxwell's Capacitive Co  Air            26%        ∞         99%         8
 Manifold Assault         Tloc           21%        N/A       100%        7
 Ignition                 Fire           10%        3d5       100%        8


Dungeon Overview and Level Annotations

Branches:
Dungeon (14/15)            Temple (1/1) D:6            Lair (5/5) D:8
  Swamp (4/4) Lair:3       Spider (1/4) Lair:3        Slime (0/5) Lair:4
    Orc (2/2) D:10            Elf (3/3) Orc:2        Vaults (5/5) D:13
  Crypt (3/3) Vaults:3       Tomb (1/3) Crypt:3     Gauntlet (visited)

Altars:
Ashenzari
Cheibriados
Dithmenos
Elyvilon
Fedhas
Gozag
Hepliaklqana
Kikubaaqudgha
Makhleb
Nemelex Xobeh
Okawaru
Qazlal
Ru
Sif Muna
Trog
Uskayaw
Vehumet
Wu Jian
Xom
Yredelemnul
Zin
The Shining One
Beogh
Jiyva

Shops:
D:8 *   D:12 ?   Orc:2 [([?:   Elf:2 :[   Elf:3 =:=:

Portals:
Trove: Elf:1 (give +6 demon blade)

Annotations:
D:5 2 transporters
D:8 2 transporters
Lair:1 2 transporters
Lair:4 2 transporters, exclusion: oklob plant, Deteph's ghost, journeyman NaSu
Elf:2 3 runed translucent doors
Vaults:1 3 runed translucent doors, Busi's ghost, adept CeHu


Innate Abilities, Weirdness & Mutations

You can breathe torrents of mud.
You are unimpeded by mud.
Your dull iron-grey scales are very hard. (AC +16)
You are amphibious.
You cannot fit into any form of body armour.
You are cold-blooded and may be slowed by cold attacks.


Message History

The sphinx is lightly wounded.
The sphinx is severely wounded.
You destroy the guardian mummy!
Vehumet accepts your kill.
Ka-crash!
You feel extremely nervous for a moment...
Your body is wracked with pain!
You hear a faint skittering sound. x3; You hear a shout!
The sphinx mumbles some strange words.
You suddenly lose the ability to move!
The sphinx hits you but does no damage. x5; The sphinx hits you.
The sphinx hits you! The sphinx hits you.
* * * LOW HITPOINT WARNING * * *
The sphinx hits you but does no damage.
The sphinx hits you but does no damage. x3; The sphinx hits you!
* * * LOW HITPOINT WARNING * * *
The sphinx hits you but does no damage. x2; The sphinx hits you!
* * * LOW HITPOINT WARNING * * *
The sphinx hits you but does no damage. x2
The sphinx hits you!
* * * LOW HITPOINT WARNING * * *
The sphinx hits you but does no damage. x8
You can move again.
Casting: Shatter (dangerous; 5% risk of failure)
Confirm with . or Enter, or press ? or * to list all spells.
You erupt in a blast of force!
The mystic blast hits the sphinx.
The sphinx is almost dead.
The sphinx is knocked back by the mystic blast.
The mystic blast hits the sphinx!
The sphinx is almost dead.
The sphinx is knocked back by the mystic blast.
The mystic blast hits the sphinx!
The sphinx is lightly wounded.
You hear a faint skittering sound. x2
The sphinx hits you.
* * * LOW HITPOINT WARNING * * *
The sphinx hits you but does no damage. You block the sphinx's attack.
The sphinx casts a spell.
Something smites you!
You die...

#......#..#
.##.....##..###.#.#########
...........................
...........................
...........................
...†.......................
..........†................
...†.....H.................
........H†@†...............
....†......................
†.........H................
.M.........................
...........................
..........................
###.####.######.##.......
## ### #....... #.......


You could see 3 sphinxes.

Vanquished Creatures
  A dread lich (Vaults:5)
  An ancient lich (Vaults:5)
  Frederick (Vaults:5)
  Xtahua (Crypt:3)
  Margery (Vaults:4)
  A bone dragon (Crypt:3)
  A hellephant (Vaults:4)
  3 tentacled monstrosities
  3 liches
  6 titans (Vaults:5)
  Mlioglotl (Spider:1)
  2 quicksilver dragons (Vaults:5)
  2 deep elf blademasters (Elf:3)
  2 deep elf master archers (Elf:3)
  5 sphinxes
  Frances (Swamp:1)
  7 ancient champions
  2 thorn hunters
  Kirke (Elf:1)
  4 shadow dragons
  6 tengu reavers (Vaults:5)
  4 revenants
  Roxanne (Swamp:1)
  Donald (Swamp:1)
  5 fire giants
  4 frost giants (Vaults:5)
  4 deep elf sorcerers
  A caustic shrike zombie (Crypt:3)
  6 deep elf elementalists
  21 vault wardens
  2 orc warlords (Vaults:1)
  A ghost moth (Spider:1)
  3 curse skulls
  17 ironbound preservers
  6 stone giants
  9 ghouls
  2 caustic shrike skeletons (Crypt:3)
  2 very ugly things (Vaults:5)
  2 formless jellyfish
  10 ironbound thunderhulks
  3 hydra skeletons
  15 deep elf death magi
  6 eleionomae
  A vampire knight (Crypt:1)
  8 deep elf demonologists
  4 dire elephants
  9 war gargoyles
  2 bunyips (Swamp:2)
  7 deep elf annihilators
  A minotaur (Gauntlet)
  8 ettins
  A quicksilver dragon zombie (Crypt:3)
  An entropy weaver (Spider:1)
  9 yaktaur captains
  2 kraken zombies (Crypt:2)
  5 jiangshi
  A spriggan zombie (Crypt:3)
  4 deep elf high priests
  4 great orbs of eyes
  3 shambling mangroves
  8 hydras
  2 ghost crabs
  34 vault guards
  2 spriggan air magi
  9 ironbound frosthearts
  6 ogre magi
  A spriggan skeleton (Crypt:3)
  6 alligators
  3 peacekeepers
  2 death knights (Crypt:1)
  14 centaur warriors
  A radroach (Spider:1)
  3 boulder beetles
  Erica (Lair:1)
  21 dancing weapons
  9 two-headed ogres
  9 death yaks
  An azure jelly zombie (Crypt:2)
  9 death scarabs (Tomb:1)
  2 deep troll earth magi (Vaults:5)
  A tengu warrior (D:14)
  4 vampire magi
  11 spriggans
  2 nameless horrors
  Nergalle (D:11)
  Sonja (D:13)
  A spriggan berserker (Swamp:2)
  6 orc high priests
  5 hell knights
  2 soul eaters
  Amaemon (Lair:2)
  14 deep elf knights
  A titan skeleton (Crypt:3)
  44 skeletal warriors
  A sea snake (shapeshifter) (Elf:3)
  3 goliath frogs
  A skyshark (Lair:5)
  3 spriggan druids
  Lodul (D:9)
  35 deep trolls
  An orb spider (shapeshifter) (Vaults:5)
  A flayed ghost (Crypt:1)
  12 deep elf archers
  3 swamp dragons
  A glowing orange brain (Vaults:2)
  3 anaconda skeletons (Crypt:3)
  A bunyip skeleton (Crypt:3)
  2 sun moths (Spider:1)
  7 arcanists
  6 bog bodies
  6 necromancers
  2 obsidian statues (D:14)
  A spectral hydra (Swamp:4)
  3 steelbarb worms (Spider:1)
  An obsidian bat (Orc:1)
  10 orc knights
  14 deep elf zephyrmancers
  3 oklob plants (Swamp:4)
  20 deep elf pyromancers
  19 ironbound convokers
  5 thermic dynamos
  12 phantasmal warriors
  5 harpies (Vaults:4)
  4 lindwurms
  A frost giant zombie (Crypt:2)
  2 wolf spider zombies (Crypt:2)
  An ugly thing (shapeshifter) (Vaults:5)
  An orc sorcerer (Orc:2)
  17 ugly things
  3 will-o-the-wisps
  3 manticores
  A jorogumo skeleton (Crypt:1)
  5 wolf spiders (Spider:1)
  A moth of wrath (Spider:1)
  25 vault sentinels
  A centaur zombie (Crypt:3)
  4 black mambas
  3 elephants (Lair:3)
  3 kobold blastminers
  A frost giant skeleton (Vaults:2)
  21 slime creatures
  A green draconian zombie (Crypt:1)
  A mana viper zombie (Crypt:2)
  An eye of devastation (Gauntlet)
  3 torpor snails
  15 cane toads
  A minotaur zombie (Gauntlet)
  An orange demon (Lair:2)
  A dire elephant skeleton (Crypt:1)
  A mana viper skeleton (Crypt:1)
  An alligator snapping turtle zombie (Crypt:2)
  7 centaur skeletons
  A cane toad (shapeshifter) (D:13)
  7 komodo dragons
  39 yaktaurs
  5 freezing wraiths
  3 rime drakes
  A tengu conjurer (D:14)
  A harpy zombie (Tomb:1)
  A guardian mummy (Tomb:1)
  9 tyrant leeches
  A bloated husk (Swamp:1)
  A queen bee (Orc:1)
  10 trolls
  A hydra zombie (Swamp:4)
  4 polar bears
  2 spectral demonic crawlers (Crypt:2)
  Grinder (D:6)
  2 jumping spider zombies (Crypt:2)
  5 tarantellas (Spider:1)
  2 harpy skeletons (Crypt:3)
  17 hornets
  17 blink frogs
  A glass eye (shapeshifter) (Vaults:5)
  2 dream sheep (Lair:3)
  A glass eye (Gauntlet)
  5 jumping spiders (Spider:1)
  2 ettin skeletons
  A culicivora (shapeshifter) (Vaults:5)
  5 culicivoras (Spider:1)
  A spriggan (shapeshifter) (D:14)
  A vampire (D:12)
  2 air elementals
  2 elf zombies
  27 yaks
  3 wyverns
  4 wraiths
  A human (Elf:1)
  A basilisk (Lair:3)
  4 hogs (Elf:1)
  A steam dragon (D:8)
  14 wargs
  24 redbacks (Spider:1)
  10 swamp worms
  17 vampire mosquitoes
  A demonspawn zombie (Crypt:3)
  8 water moccasins
  An acid dragon (D:14)
  2 hydra simulacra (Swamp:4)
  A merfolk skeleton (Crypt:1)
  2 naga skeletons (Crypt:3)
  7 swamp drakes
  An elephant zombie (Crypt:2)
  A glowing shapeshifter skeleton (Crypt:2)
  A lindwurm zombie (Crypt:1)
  3 sky beasts
  18 orc warriors
  A swamp dragon zombie (Swamp:4)
  6 black bears
  36 laughing skulls
  4 boggarts (Lair:2)
  17 ogres
  22 wolves
  8 centaurs
  2 swamp dragon skeletons (Swamp:4)
  A kobold brigand (D:9)
  17 bullfrogs
  An earth elemental (Elf:3)
  A gnoll sergeant (D:11)
  3 scorpions
  18 wights
  47 killer bees
  6 electric eels
  A howler monkey (D:8)
  A bullfrog zombie (Crypt:2)
  26 orc priests
  2 hounds (D:5)
  8 jellies
  A sleepcap (D:6)
  12 orc wizards
  Ijyb (D:3)
  2 hound zombies (Crypt:3)
  3 mummies (Tomb:1)
  2 swamp drake zombies (Swamp:4)
  4 adders
  8 gnolls
  A steam dragon skeleton (Crypt:1)
  2 shadow imps (D:8)
  3 swamp drake skeletons (Swamp:4)
  3 white imps
  2 ufetubi (D:7)
  A lava snake skeleton (Crypt:2)
  2 dart slugs
  7 ribbon worms
  74 orcs
  9 ball pythons
  8 bats
  6 endoplasms
  7 giant cockroaches
  5 goblins
  7 hobgoblins
  7 jackals
  10 kobolds
  4 quokkas
  A bombardier beetle zombie (Crypt:1)
  An endoplasm zombie (Crypt:2)
  2 frilled lizards
  A giant cockroach zombie (Crypt:2)
  A goblin zombie (Crypt:1)
  7 rats
  4 tentacles (Crypt:2)
1537 creatures vanquished.

Vanquished Creatures (collateral kills)
  An ancient lich (Crypt:3)
  Bai Suzhen (Vaults:2)
  A bone dragon (Crypt:3)
  A tentacled monstrosity (Vaults:5)
  A quicksilver dragon (Vaults:5)
  3 vault wardens
  A ghoul (Crypt:1)
  A spectral tentacled monstrosity (Crypt:2)
  2 ironbound preservers (Vaults:3)
  An ironbound thunderhulk (Vaults:2)
  3 dire elephants
  2 yaktaur captains
  An entropy weaver (Vaults:1)
  3 great orbs of eyes
  A hydra (Swamp:2)
  An ironbound frostheart (Vaults:1)
  3 spriggans (Swamp:1)
  A ghost moth zombie (Crypt:3)
  A pharaoh ant (Spider:1)
  A mana viper (shapeshifter) (Vaults:3)
  2 goliath frogs
  4 deep trolls
  An arcanist (Vaults:2)
  5 ironbound convokers
  An orc knight (Vaults:1)
  3 phantasmal warriors
  A spectral hydra (Swamp:4)
  A stone giant zombie (Crypt:3)
  2 ugly things
  3 vault sentinels
  A dire elephant skeleton (Crypt:3)
  A yaktaur (Vaults:1)
  A freezing wraith (Crypt:1)
  A troll (Vaults:1)
  A tyrant leech (Swamp:2)
  2 hornets (Swamp:1)
  A jumping spider zombie (Crypt:3)
  2 slime creatures (Vaults:4)
  A wyvern (Lair:5)
  A redback (Spider:1)
  A hydra simulacrum (Swamp:4)
  2 swamp worms
  3 orc warriors (Vaults:1)
  A swamp dragon zombie (Swamp:4)
  A laughing skull (Crypt:3)
  An orc priest (Vaults:1)
  2 swamp drake zombies (Swamp:4)
  2 orcs (Vaults:1)
78 creatures vanquished.

Vanquished Creatures (others)
  A deep elf zephyrmancer (Elf:1)
  A cane toad (Lair:5)
  A bloated husk (Swamp:1)
  A human (Elf:1)
  16 foxfires
  44 fulminant prisms
  4 tentacles (Crypt:2)
68 creatures vanquished.

Grand Total: 1683 creatures vanquished

Notes
Turn   | Place    | Note
-------+----------+-------------------------------------------
     0 | D:1      | yapang the Draconian Conjurer began the quest for the Orb.
     0 | D:1      | Reached XP level 1. HP: 14/14 MP: 3/3
   206 | D:1      | Reached XP level 2. HP: 20/20 MP: 1/5
   433 | D:1      | Learned a level 2 spell: Searing Ray
   763 | D:1      | Found a faded altar of an unknown god.
  1326 | D:2      | Reached XP level 3. HP: 26/26 MP: 4/7
  2225 | D:2      | Reached skill level 5 in Conjurations
  2598 | D:3      | Noticed Ijyb
  2611 | D:3      | Reached XP level 4. HP: 29/33 MP: 0/8
  2629 | D:3      | Killed Ijyb
  3350 | D:4      | Reached skill level 1 in Evocations
  3352 | D:4      | Reached XP level 5. HP: 35/38 MP: 3/9
  3556 | D:4      | Noticed an orc warrior
  4080 | D:5      | Entered Level 5 of the Dungeon
  4159 | D:5      | Found a transporter.
  4165 | D:5      | Learned a level 4 spell: Fulminant Prism
  4283 | D:5      | Noticed a black bear
  4290 | D:5      | Noticed a sky beast
  4291 | D:5      | Reached XP level 6. HP: 38/45 MP: 1/10
  4301 | D:5      | Killed a sky beast
  4393 | D:5      | Your scales start taking on a dull iron-grey colour.
  4393 | D:5      | Reached XP level 7. HP: 50/50 MP: 3/11
  4749 | D:5      | Found a transporter.
  4761 | D:5      | Learned a level 4 spell: Iskenderun's Mystic Blast
  5248 | D:5      | Learned a level 3 spell: Stone Arrow
  5330 | D:5      | Found an iron altar of Okawaru.
  5330 | D:5      | Found a sacrificial altar of Ru.
  5475 | D:5      | Reached skill level 5 in Spellcasting
  5774 | D:6      | Reached XP level 8. HP: 57/57 MP: 6/16
  5859 | D:6      | Noticed Grinder
  5865 | D:6      | Paralysed by Grinder for 5 turns
  5875 | D:6      | Killed Grinder
  5876 | D:6      | Reached skill level 1 in Earth Magic
  5876 | D:6      | Reached skill level 1 in Alchemy
  5984 | D:6      | Reached skill level 2 in Earth Magic
  6031 | D:6      | Found a white marble altar of Elyvilon.
  6063 | D:6      | Reached skill level 3 in Earth Magic
  6358 | D:6      | Found a staircase to the Ecumenical Temple.
  6368 | D:6      | Reached skill level 4 in Earth Magic
  6369 | Temple   | Entered the Ecumenical Temple
  6389 | Temple   | Became a worshipper of Vehumet
  6909 | D:4      | Reached skill level 5 in Earth Magic
  7329 | D:7      | Reached skill level 6 in Earth Magic
  7371 | D:7      | Reached XP level 9. HP: 59/62 MP: 12/18
  7497 | D:7      | Reached skill level 7 in Earth Magic
  7981 | D:8      | Reached skill level 8 in Earth Magic
  8243 | D:8      | Found a staircase to the Lair.
  8257 | D:8      | Reached * piety under Vehumet
  8257 | D:8      | Offered knowledge of Foxfire by Vehumet.
  8258 | D:8      | Reached skill level 9 in Earth Magic
  8404 | D:8      | Reached skill level 10 in Earth Magic
  8641 | D:8      | Found Kuve's General Store.
  8668 | D:8      | Bought a scroll of teleportation for 45 gold pieces
  8668 | D:8      | Bought a scroll of blinking for 112 gold pieces
  8668 | D:8      | Bought a scroll of fog for 60 gold pieces
  8668 | D:8      | Bought a scroll of identify for 30 gold pieces
  8861 | D:8      | Reached skill level 11 in Earth Magic
  8991 | D:8      | Reached XP level 10. HP: 51/68 MP: 12/19
  9074 | D:8      | Found a transporter.
  9078 | D:8      | Found a transporter.
  9110 | D:8      | Found a basalt altar of Yredelemnul.
  9112 | D:8      | Noticed a death knight
  9124 | D:8      | Reached skill level 12 in Earth Magic
  9135 | D:8      | Noticed a skeletal warrior
  9166 | D:8      | Found an ancient bone altar of Kikubaaqudgha.
  9508 | D:9      | Noticed a two-headed ogre
  9511 | D:9      | Killed a two-headed ogre
  9658 | D:9      | Found a glowing golden altar of the Shining One.
  9859 | D:9      | Offered knowledge of Kiss of Death by Vehumet.
  9862 | D:9      | Reached ** piety under Vehumet
 10124 | D:10     | Entered Level 10 of the Dungeon
 10142 | D:9      | Reached skill level 1 in Translocations
 10211 | D:10     | Noticed Lodul
 10263 | Lair:1   | Entered Level 1 of the Lair of Beasts
 10286 | Lair:1   | Reached skill level 10 in Conjurations
 10301 | Lair:1   | Found a transporter.
 10435 | Lair:1   | Reached skill level 13 in Earth Magic
 10757 | Lair:1   | Noticed Erica
 10765 | Lair:1   | Killed Erica
 10766 | Lair:1   | Reached XP level 11. HP: 74/74 MP: 11/20
 10859 | Lair:1   | Identified the amulet "Siomirr" {Acrobat Regen+ Int-2
                  | Dex+2}
 10878 | Lair:1   | Reached skill level 14 in Earth Magic
 11079 | Lair:1   | Found a transporter.
 11541 | Lair:2   | Identified the amulet of Moderation {Acrobat Str+4 Dex+2}
 11576 | Lair:2   | Noticed Amaemon
 11581 | Lair:2   | Killed Amaemon
 11581 | Lair:2   | Offered knowledge of Frozen Ramparts by Vehumet.
 11582 | Lair:2   | Reached skill level 15 in Earth Magic
 11943 | Lair:2   | Reached skill level 16 in Earth Magic
 12354 | Lair:3   | Noticed a lindwurm
 12360 | Lair:3   | Killed a lindwurm
 12523 | Lair:3   | Found a staircase to the Swamp.
 12570 | Lair:3   | Reached *** piety under Vehumet
 12585 | Lair:3   | Reached skill level 17 in Earth Magic
 12664 | Lair:3   | Reached skill level 1 in Fighting
 12665 | Lair:3   | Reached skill level 1 in Shields
 12667 | Lair:3   | Reached XP level 12. HP: 14/84 MP: 2/21
 12916 | Lair:3   | Found a hole to the Spider Nest.
 13007 | Lair:3   | Offered knowledge of Dazzling Flash by Vehumet.
 14205 | Lair:4   | Found a hide-covered altar of Uskayaw.
 14444 | Lair:4   | Found a viscous altar of Jiyva.
 14449 | Lair:4   | Found a staircase to the Slime Pits.
 14590 | Lair:4   | Noticed an eight-headed hydra
 14598 | Lair:4   | Killed an eight-headed hydra
 14717 | Lair:4   | Found a bloodstained altar of Trog.
 14717 | Lair:4   | Noticed Deteph's ghost (journeyman NaSu)
 14724 | Lair:4   | Found a transporter.
 14727 | Lair:4   | Found a transporter.
 14732 | Lair:4   | You fall into a shaft and drop 1 floor!
 14732 | Lair:5   | Entered Level 5 of the Lair of Beasts
 14750 | Lair:5   | Noticed a death yak
 14754 | Lair:5   | Noticed a death yak
 14755 | Lair:5   | Noticed a death yak
 14798 | Lair:5   | Reached **** piety under Vehumet
 14807 | Lair:5   | Reached skill level 5 in Fighting
 14874 | Lair:5   | Offered knowledge of Brom's Barrelling Boulder by Vehumet.
 14902 | Lair:5   | Reached skill level 5 in Dodging
 15056 | Lair:5   | Reached XP level 13. HP: 51/102 MP: 12/25
 15388 | Lair:5   | Identified the +2 pair of gloves of Pragmatism {Will+
                  | Stlth+}
 15816 | Lair:5   | Found the sphere of Battle
 15900 | Lair:5   | Identified the +0 scale mail "Xamudyw" {Fly MP+9 Str-2}
 16021 | Lair:5   | Reached ***** piety under Vehumet
 16679 | D:9      | Killed Lodul
 16808 | D:10     | Offered knowledge of Yara's Violent Unravelling by Vehumet.
 16834 | D:10     | Learned a level 5 spell: Yara's Violent Unravelling
 17212 | D:10     | Reached skill level 10 in Spellcasting
 17796 | D:10     | Found a staircase to the Orcish Mines.
 17798 | D:10     | Identified the +2 spear "Jeutusm" {drain, *Corrode rElec
                  | rC++ Dex+3}
 17973 | D:11     | Noticed Nergalle
 17983 | D:11     | Killed Nergalle
 18985 | D:12     | Found Panyckix's Magic Scroll Shoppe.
 19047 | D:12     | Bought a scroll of acquirement for 780 gold pieces
 19047 | D:12     | Bought a scroll of blinking for 112 gold pieces
 19047 | D:12     | Bought a scroll of blinking for 112 gold pieces
 19332 | D:12     | Noticed a reaper
 19341 | D:12     | Reached skill level 10 in Dodging
 19341 | D:12     | HP: 4/102 [reaper/+0 scythe of protection (26)]
 19602 | D:13     | Reached XP level 14. HP: 110/110 MP: 13/28
 19858 | D:13     | Found a gate to the Vaults.
 20238 | D:13     | Noticed Sonja
 20242 | D:13     | Killed Sonja
 20894 | Orc:1    | Entered Level 1 of the Orcish Mines
 21459 | Orc:2    | Entered Level 2 of the Orcish Mines
 21459 | Orc:2    | Found a staircase to the Elven Halls.
 21552 | Orc:2    | Offered knowledge of Lee's Rapid Deconstruction by Vehumet.
 21559 | Orc:2    | Learned a level 5 spell: Lee's Rapid Deconstruction
 21633 | Orc:2    | Found Koirpheg's Armour Shoppe.
 21663 | Orc:2    | Paralysed by an ogre mage for 4 turns
 21890 | Orc:2    | Found Urevenipuu's Weapon Shop.
 21926 | Orc:2    | Found Asegg's Armour Boutique.
 21967 | Orc:2    | Found a roughly hewn altar of Beogh.
 22006 | Orc:2    | Found Gygul's Magic Scroll Boutique.
 22252 | Orc:2    | Found Xoawneeb's Book Shop.
 22268 | Orc:2    | Bought a scroll of blinking for 135 gold pieces
 22268 | Orc:2    | Bought a scroll of blinking for 135 gold pieces
 22468 | Elf:1    | Entered Level 1 of the Elven Halls
 22508 | Elf:1    | Noticed a deep elf sorcerer
 22512 | Elf:1    | Killed a deep elf sorcerer
 22528 | Elf:1    | Reached XP level 15. HP: 67/115 MP: 10/30
 23066 | Elf:1    | Found a portal to a secret trove of treasure.
 23245 | Elf:1    | Acquired a staff of earth
 23383 | Elf:1    | Offered knowledge of Arcjolt by Vehumet.
 23446 | Elf:1    | Paralysed by an air elemental for 1 turns
 23497 | Elf:1    | Noticed Kirke
 23512 | Elf:1    | Killed Kirke
 23613 | Elf:1    | Reached skill level 5 in Evocations
 24061 | Elf:2    | Found Ahurgh's Antique Armour Emporium.
 24195 | Elf:2    | Bought a glowing scarf for 240 gold pieces
 24195 | Elf:2    | Bought a runed scarf for 240 gold pieces
 24244 | Elf:2    | Found Peckifyj's Tremendous Tomes.
 24427 | Elf:2    | Reached ****** piety under Vehumet
 24454 | Elf:2    | Found a runed translucent gate.
 24455 | Elf:2    | Found a runed translucent gate.
 24455 | Elf:2    | Found a runed translucent gate.
 24529 | Elf:2    | Learned a level 7 spell: Magnavolt
 24765 | Elf:3    | Entered Level 3 of the Elven Halls
 24780 | Elf:3    | Paralysed by an air elemental for 1 turns
 24810 | Elf:3    | Found Yjebab's Jewellery Emporium.
 24878 | Elf:3    | Offered knowledge of Permafrost Eruption by Vehumet.
 25186 | Elf:3    | Reached XP level 16. HP: 122/122 MP: 26/33
 25234 | Elf:3    | Found Gana Gan's Jewellery Boutique.
 25235 | Elf:3    | Found Gyog's Book Emporium.
 25235 | Elf:3    | Found Zeahugra's Book Emporium.
 25481 | Elf:3    | Noticed a deep elf blademaster
 25481 | Elf:3    | Noticed a deep elf blademaster
 25486 | Elf:3    | Noticed a Hell Sentinel
 25489 | Elf:3    | Identified the +2 rapier "Ryanec" {freeze, rF+ rC+}
 25492 | Elf:3    | Killed a deep elf blademaster
 25493 | Elf:3    | Killed a deep elf blademaster
 25497 | Elf:3    | Reached skill level 18 in Earth Magic
 25645 | Elf:3    | Noticed a deep elf master archer
 25647 | Elf:3    | Killed a deep elf master archer
 25649 | Elf:3    | Reached skill level 19 in Earth Magic
 25916 | Elf:3    | Noticed a deep elf master archer
 25918 | Elf:3    | Killed a deep elf master archer
 25921 | Elf:3    | Identified the +7 long sword "Yjodd" {speed, *Corrode rPois
                  | Will+ Dex+4}
 25986 | Elf:3    | Reached skill level 20 in Earth Magic
 26119 | Elf:3    | Found the +27 heavy crossbow "Sniper" {heavy, Acc+∞ SInv}
 26257 | Elf:3    | Identified the +8 sling of Getsa {heavy, rElec Int+3}
 26541 | Swamp:1  | Entered Level 1 of the Swamp
 26544 | Swamp:1  | Noticed Donald
 26551 | Swamp:1  | Killed Donald
 26675 | Swamp:1  | Noticed Roxanne
 26788 | Swamp:1  | Learned a level 7 spell: Seismic Cannonade
 26855 | Swamp:1  | Offered knowledge of Conjure Ball Lightning by Vehumet.
 26857 | Swamp:1  | Noticed Frances
 26862 | Swamp:1  | Killed Frances
 27094 | Swamp:1  | Noticed a thorn hunter
 27099 | Swamp:1  | Killed a thorn hunter
 27357 | Swamp:1  | Reached skill level 1 in Air Magic
 27617 | Swamp:2  | Reached skill level 15 in Spellcasting
 27643 | Swamp:2  | Reached XP level 17. HP: 128/128 MP: 19/36
 27929 | Swamp:2  | Noticed a tentacled monstrosity
 27935 | Swamp:2  | Killed a tentacled monstrosity
 28759 | Swamp:3  | Reached skill level 5 in Air Magic
 29111 | Swamp:4  | Entered Level 4 of the Swamp
 29347 | Swamp:4  | Identified the +0 scale mail "Maczom" {rPois Will- SInv}
 29384 | Swamp:4  | Identified the +1 robe "Dog Reap" {Int+3 Dex+2}
 29436 | Swamp:4  | Offered knowledge of Spellforged Servitor by Vehumet.
 29660 | Swamp:4  | Learned a level 7 spell: Spellforged Servitor
 30108 | Swamp:4  | Found a basalt altar of Yredelemnul.
 30142 | Swamp:4  | Found a blossoming altar of Fedhas.
 30147 | Swamp:4  | Reached skill level 5 in Shields
 30252 | Swamp:4  | Got a decaying rune of Zot
 31076 | Spider:1 | Entered Level 1 of the Spider Nest
 31747 | Spider:1 | Noticed Mlioglotl
 31758 | Spider:1 | Killed Mlioglotl
 32837 | D:13     | Offered knowledge of Orb of Destruction by Vehumet.
 33092 | D:14     | Reached skill level 10 in Evocations
 33092 | D:14     | Reached XP level 18. HP: 135/135 MP: 28/38
 33305 | D:14     | Found a gate leading to a gauntlet.
 33314 | Gauntlet | Entered a Gauntlet
 33314 | Gauntlet | Found a transporter.
 33326 | Gauntlet | Found a transporter.
 33341 | Gauntlet | Found a transporter.
 33346 | Gauntlet | Found a transporter.
 33365 | Gauntlet | Found a transporter.
 33380 | Gauntlet | Found a transporter.
 33389 | Gauntlet | Found a transporter.
 33404 | Gauntlet | Found a transporter.
 33416 | Gauntlet | Found a transporter.
 33428 | Gauntlet | Found a transporter.
 33436 | Gauntlet | Found a transporter.
 33458 | Gauntlet | Found a transporter.
 33478 | Gauntlet | Found a transporter.
 33480 | Gauntlet | Found a runed translucent gate.
 33480 | Gauntlet | Found a runed translucent gate.
 33480 | Gauntlet | Found a runed translucent gate.
 33488 | Gauntlet | Found a large runed translucent door.
 33488 | Gauntlet | Found a large runed translucent door.
 33488 | Gauntlet | Found a large runed translucent door.
 33488 | Gauntlet | Found a large runed translucent door.
 33489 | Gauntlet | Found a large runed translucent door.
 33489 | Gauntlet | Found a large runed translucent door.
 33490 | Gauntlet | Found a large runed translucent door.
 33490 | Gauntlet | Found a large runed translucent door.
 33491 | Gauntlet | Found a large runed translucent door.
 33491 | Gauntlet | Found a large runed translucent door.
 33491 | Gauntlet | Found a runed translucent door.
 33491 | Gauntlet | Found a runed translucent door.
 33492 | Gauntlet | Found a large runed translucent door.
 33493 | Gauntlet | Found a large runed translucent door.
 33502 | Gauntlet | Found a large runed translucent door.
 33502 | Gauntlet | Found a large runed translucent door.
 33503 | Gauntlet | Found a large runed translucent door.
 33504 | Gauntlet | Found a large runed translucent door.
 33504 | Gauntlet | Found a transporter.
 33506 | Gauntlet | Found a transporter.
 33526 | Gauntlet | Found a transporter.
 33604 | Gauntlet | Found a transporter.
 33624 | Gauntlet | Found a transporter.
 33797 | Gauntlet | Paralysed by a hornet for 3 turns
 33873 | Gauntlet | Identified the +1 cloak "Duacif" {rCorr}
 33876 | Gauntlet | Identified the +9 scimitar "Ossyul" {flame, rF+ Str-2
                  | Int+3}
 33895 | Gauntlet | Identified the ring "Ysioren" {rCorr AC+4}
 33901 | Gauntlet | Identified the ring "Zyurph" {rN+ rCorr Dex+2 Stlth+}
 33902 | Gauntlet | Got Sif Muna's Incunable of Malisons
 34482 | D:14     | Identified the ring "Soadat" {Fly rPois EV+5 Str+7 Int-5}
 34911 | Swamp:1  | Killed Roxanne
 35195 | Vaults:1 | Entered Level 1 of the Vaults
 35705 | Vaults:1 | Found a runed translucent gate.
 35705 | Vaults:1 | Found a runed translucent gate.
 35705 | Vaults:1 | Found a runed translucent gate.
 35725 | Vaults:1 | Noticed Busi's ghost (adept CeHu)
 35800 | Vaults:1 | Reached skill level 10 in Shields
 35977 | Vaults:1 | Identified the +8 scale mail of Hicev {Rampage rCorr Str+2
                  | Int-3}
 36485 | Vaults:1 | Offered knowledge of Lehudib's Crystal Spear by Vehumet.
 36485 | Vaults:1 | Offered knowledge of Shatter by Vehumet.
 36485 | Vaults:1 | Offered knowledge of Polar Vortex by Vehumet.
 36616 | Vaults:1 | Learned a level 8 spell: Lehudib's Crystal Spear
 37369 | Vaults:1 | Found a viscous altar of Jiyva.
 37381 | Vaults:1 | Learned a level 9 spell: Shatter
 37400 | Vaults:2 | Reached XP level 19. HP: 141/141 MP: 29/39
 37786 | Vaults:2 | Noticed Bai Suzhen
 37790 | Vaults:2 | Killed Bai Suzhen
 38934 | Vaults:3 | Reached skill level 21 in Earth Magic
 39743 | Vaults:3 | Reached skill level 15 in Shields
 40264 | Vaults:3 | Found a staircase to the Crypt.
 40612 | Vaults:4 | Noticed a hellephant
 40612 | Vaults:4 | Noticed Margery
 40615 | Vaults:4 | Reached skill level 22 in Earth Magic
 40615 | Vaults:4 | Killed Margery
 40617 | Vaults:4 | Killed a hellephant
 40618 | Vaults:4 | Reached XP level 20. HP: 115/148 MP: 21/40
 41210 | Vaults:4 | Reached skill level 1 in Staves
 41210 | Vaults:4 | Reached skill level 1 in Summonings
 42446 | Vaults:5 | Entered Level 5 of the Vaults
 42446 | Vaults:5 | Identified the orb of Syndicalism {light, Rampage}
 42446 | Vaults:5 | Noticed Frederick
 42449 | Vaults:5 | Reached skill level 5 in Staves
 42449 | Vaults:5 | Reached skill level 5 in Summonings
 42449 | Vaults:5 | Reached skill level 23 in Earth Magic
 42451 | Vaults:5 | Killed Frederick
 42706 | Vaults:5 | Noticed a dread lich
 42707 | Vaults:5 | Reached XP level 21. HP: 143/155 MP: 37/41
 42709 | Vaults:5 | Killed a dread lich
 42710 | Vaults:5 | Noticed an ancient lich
 42713 | Vaults:5 | Killed an ancient lich
 42715 | Vaults:5 | Reached skill level 10 in Staves
 43313 | Vaults:5 | Identified the ring "Sod Fuog" {rF+ Dex+6}
 43405 | Vaults:5 | Identified the +11 battleaxe "Isuwk" {elec, rCorr Int+5
                  | Dex-3 SInv}
 43623 | Vaults:5 | Identified the +6 orcbow of Thoughtfulness {flame, rCorr
                  | Str+3}
 43625 | Vaults:5 | Identified the ring of Conversion {EV+5 Str+3}
 43822 | Vaults:5 | Identified the ring of the Townfolk {rF+ Will+ Slay+3}
 44075 | Vaults:5 | Got a silver rune of Zot
 44307 | Vaults:5 | Got the Omnibus of Maleficia
 44797 | Vaults:5 | Got the Tome of the Valley and Incandescence
 44919 | Crypt:1  | Entered Level 1 of the Crypt
 45079 | Crypt:1  | Reached skill level 1 in Hexes
 45183 | Crypt:1  | Reached skill level 5 in Alchemy
 45886 | Crypt:2  | Reached XP level 22. HP: 147/170 MP: 22/42
 46277 | Crypt:2  | Identified the +1 dagger "Zodan" {flame, SInv}
 46288 | Crypt:2  | Identified the +3 quick blade of the Grave {vamp, *Slow Fly
                  | rF+ MP+9}
 46404 | Crypt:2  | Identified the +5 dagger of the Hummingbird {holy, Int+3
                  | Stlth+}
 46895 | Crypt:3  | Entered Level 3 of the Crypt
 47105 | Crypt:3  | Found a staircase to the Tomb.
 47191 | Crypt:3  | Reached skill level 24 in Earth Magic
 47553 | Crypt:3  | Noticed Xtahua
 47562 | Crypt:3  | Killed Xtahua
 47563 | Crypt:3  | Reached skill level 10 in Fighting
 47574 | Crypt:3  | Reached skill level 5 in Hexes
 47591 | Crypt:3  | Noticed an ancient lich
 47596 | Crypt:3  | Killed an ancient lich
 47600 | Crypt:3  | Identified the ring of Kiary {rPois rF+ rN++ Dex+6}
 47601 | Crypt:3  | Identified the +3 scale mail of Painted Knowledge {rPois
                  | rF+++ Int-4}
 47744 | Crypt:3  | Found a basalt altar of Yredelemnul.
 47863 | Crypt:3  | Identified the ring "Cutijuz" {rN+ rCorr Int+3}
 48243 | Tomb:1   | Entered Level 1 of the Tomb of the Ancients
 48342 | Tomb:1   | Paralysed by a sphinx for 4 turns
 48346 | Tomb:1   | HP: 8/174 [sphinx (6)]
 48346 | Tomb:1   | Killed from afar by a sphinx

Illustrated notes

Levels and vault maps discovered:
D:1:      grunt_arrival_crossed_arrows, layout_basic,
          shapermc_ecumenical_altar_acropolis
D:2:      layout_basic, grunt_ministairs_1
D:3:      kennysheep_big_flooded_room, layout_basic, hangedman_decor_points,
          uniq_ijyb
D:4:      layout_loops_ring, minmay_misc_feat_diagonals,
          kennysheep_generic_room_14
D:5:      gammafunk_steamed_eel, layout_layer_cave,
          gammafunk_temple_overflow_wave, st_stairs_1, minivault_19,
          kennysheep_diamond, minmay_misc_feat_chi
D:6:      layout_loops_ring, elyvilon_altar_1, minmay_temple_entry_waves,
          uniq_grinder
D:7:      layout_basic, kennysheep_small_spiral
D:8:      layout_loops_corners, gammafunk_temple_of_torment,
          erik_lair_orcish_takeover, serial_shops,
          nicolae_shop_advertising_works [nicolae_subvault_shop_adworks]
D:9:      layout_roguey, nicolae_tso_carved_into_rock
D:10:     layout_layer_cave, erik_orc_1, uniq_lodul
D:11:     lemuel_ice_spiral_2, layout_basic, uniq_nergalle
D:12:     layout_rooms, serial_shops, shop, hellmonk_talismancer
D:13:     layout_loops_ring, hangedman_vaults_entry_quadrant_bands, uniq_sonja
D:14:     layout_roguey, gauntlet_entry_generic, minmay_more_statues
Temple:   nicolae_temple_elliptical
Lair:1:   gammafunk_cloud_chamber, layout_cave_pods, uniq_erica
Lair:2:   layout_chaotic_city, minmay_holes, st_stairs_5,
          kilobyte_rumbling_trees, uniq_amaemon
Lair:3:   layout_layer_cave, swamp_mist, nicolae_spider_entry_non_spiders,
          serial_bayou_shore_b
Lair:4:   layout_roguey, nicolae_slime_entry_field_trip, basic_altar,
          gammafunk_ghost_wrathful_warriors
Lair:5:   minmay_lair_end_frog_pond, layout_misc_corridors, grunt_megastairs_5
Swamp:1:  layout_falls_marsh, evilmike_swamp_ruin_house_1, uniq_frances,
          uniq_donald, uniq_roxanne
Swamp:2:  layout_falls_marsh, serial_swamp_ruin, evilmike_swamp_ruin_house_3,
          evilmike_swamp_ruin_rubble_2, evilmike_swamp_ruin_rubble_1
Swamp:3:  layout_basic_swamp, nicolae_swamp_well_well_well,
          nicolae_swamp_decorative_isthmus
Swamp:4:  byrel_swamp_growth_death_and_undeath, layout_basic_swamp,
          swamp_pool_1_2
Spider:1: layout_spider_delve, portal_ice_cave_entry_ice_statue_one,
          einodemon_crawler_minivault, uniq_mlioglotl
Orc:1:    layout_caves, special_room [special_room_bee]
Orc:2:    st_orc_town, layout_caves, serial_shops, nicolae_shop_stone,
          nicolae_orc_sculptors_studio
Elf:1:    layout_geoelf_octagon, trove_entry_hex_spiral, guppyfry_library_mini,
          uniq_kirke
Elf:2:    nicolae_elf_blades_crystal_corner, layout_loops_cross, serial_shops,
          nicolae_shop_hallway_stairs, nicolae_shop_i_like_big_books
Elf:3:    elf_hall, layout_geoelf_castle, serial_shops, shop, minmay_shop_grove
Vaults:1: gammafunk_ghost_ooze, hangedman_vaults_hat, special_room_vaults
          [special_room_orc], nicolae_vaults_tetromino_L_1,
          nicolae_vaults_closet_pinwheel_1, nicolae_vaults_turnstiles,
          nicolae_vaults_twisting_passages, nicolae_vaults_little_squares_2,
          nicolae_vaults_double_plus_2, nicolae_vaults_specimen_jars,
          nicolae_vaults_circle_grid_b, ontoclasm_vaults_gateway,
          nicolae_vaults_weapon_check, lightli_orcish_oven, layout_vaults_ring
Vaults:2: vaults_mumra_hex, nicolae_vaults_fighting_squares,
          vaults_room_ringed_pool, vaults_standard_mumra_x,
          vaults_dpeg_diagonal, nicolae_vaults_tetromino_Z_2,
          vaults_dpeg_encased_lava, nicolae_vaults_trapezoid_lopsided_3,
          layout_vaults_chaotic_city, uniq_bai_suzhen
Vaults:3: nicolae_vaults_tetromino_Z_2, nicolae_vaults_border_crossing,
          minmay_crypt_entry_simple_walls, v_misc_30,
          nicolae_vaults_bisected_slash, v_misc_2, v_misc_32,
          nicolae_vaults_rhombus_6, nicolae_vaults_diamond_2, v_misc_1,
          layout_vaults_quadrants
Vaults:4: ontoclasm_vaults_twist, hangedman_vaults_slither, v_pattern_5,
          vaults_dpeg_doors, serial_ice_m, nicolae_vaults_tetromino_T_2,
          nicolae_vaults_apartment_1, nicolae_vaults_triangles,
          vaults_room_fancy_cross, nicolae_vaults_tangram_1, vaults_room_boxed,
          nicolae_vaults_surprise_closet_hard, layout_vaults_omnicross,
          uniq_margery
Vaults:5: uniq_frederick
Crypt:1:  layout_gridlike, nicolae_crypts_crumbling_nooks
Crypt:2:  tekkud_devil_daggers, layout_misc_corridors, minivault_4,
          nicolae_danse_macabre
Crypt:3:  church_of_pain_bobbens, layout_chaotic_city, uniq_xtahua
Tomb:1

Skill      XL: |  1  2  3  4  5  6  7  8  9 10 11 12 13 14 15 16 17 18 19 20 21 22 |
---------------+-------------------------------------------------------------------+-----
Spellcasting   | 3 5 6 8 10 11 13 15 16 | 16.0
Conjurations   | 5 6 7 8 10 14 | 14.0
Evocations     | 1 2 7 8 10 12 | 12.0
Earth Magic    | 6 11 13 17 20 22 23 24 | 24.8
Alchemy        | 4 5 8 |  8.0
Translocations | 4 |  4.0
Dodging        | 2 5 10 | 10.0
Stealth        | 2 3 |  3.0
Fighting       | 1 6 8 10 | 10.0
Shields        | 1 4 7 12 15 16 | 16.0
Air Magic      | 2 6 |  6.0
Staves         | 7 12 | 12.0
Summonings     | 7 8 |  8.0
Hexes          | 2 7 |  7.1

Action                     |  1- 3 |  4- 6 |  7- 9 | 10-12 | 13-15 | 16-18 | 19-21 | 22-24 || total
---------------------------+-------+-------+-------+-------+-------+-------+-------+-------++-------
  Melee: Unarmed           |    11 |       |       |       |       |       |       |       ||    11
         Tailslap          |     5 |     4 |     2 |    10 |       |    10 |    24 |    11 ||    66
         Dagger            |    22 |    40 |     5 |    59 |     5 |       |       |       ||   131
         Staff             |       |       |       |       |       |    45 |    99 |    54 ||   198
   Fire: Heavy crossbow    |       |       |       |       |       |     4 |       |       ||     4
   Cast: Magic Dart        |    80 |    43 |    35 |     7 |    81 |    32 |       |       ||   278
         Searing Ray       |     7 |    14 |    44 |    18 |       |     2 |       |       ||    85
         Stone Arrow       |       |       |     9 |   245 |   423 |   169 |    20 |    26 ||   892
         Iskenderun's Myst |       |       |     1 |    17 |    10 |    28 |    10 |    12 ||    78
         Fulminant Prism   |       |       |       |    14 |    25 |     5 |       |       ||    44
         Yara's Violent Un |       |       |       |       |    12 |     6 |       |     1 ||    19
         Lee's Rapid Decon |       |       |       |       |    43 |   121 |       |       ||   164
         Magnavolt         |       |       |       |       |     1 |   237 |     7 |     4 ||   249
         Seismic Cannonade |       |       |       |       |       |    28 |       |       ||    28
         Spellforged Servi |       |       |       |       |       |     4 |    15 |     4 ||    23
         Lehudib's Crystal |       |       |       |       |       |     6 |   123 |    30 ||   159
         Shatter           |       |       |       |       |       |       |   108 |    57 ||   165
Ability: Mud Breath        |       |       |     4 |    11 |     5 |    19 |     1 |       ||    40
  Evoke: Wand              |       |    10 |       |    15 |    10 |    12 |       |       ||    47
         Lightning rod     |       |       |       |       |     4 |    11 |     1 |       ||    16
         Tin of tremorston |       |       |       |       |       |       |       |     1 ||     1
    Use: Potion            |     1 |     1 |       |     1 |     1 |       |       |       ||     4
         Scroll            |       |       |       |     1 |    20 |     7 |    10 |       ||    38
   Stab: Distracted        |       |       |       |       |       |     2 |     1 |       ||     3
 Armour: Skin              |    28 |    41 |    73 |   181 |   155 |   201 |   156 |    95 ||   930
  Dodge: Dodged            |    37 |    26 |    42 |   125 |   114 |   109 |    80 |    46 ||   579
         Repelled          |       |       |       |       |     2 |    19 |    35 |    11 ||    67
  Block: Buckler           |       |       |     9 |    24 |     2 |       |       |       ||    35
         Kite shield       |       |       |       |       |       |       |    98 |    86 ||   184
         Reflection        |       |       |       |       |       |       |    10 |     2 ||    12

Table legend: (Time is in decaauts)
 A = Elapsed time spent in this place.
 B = Non-inter-level travel time spent in this place.
 C = Inter-level travel time spent in this place.
 D = Time resting spent in this place.
 E = Time spent auto-exploring this place.
 F = Levels seen in this place.
 G = Mean time per level.
                   A        B        C        D        E       F      G
               +--------+--------+--------+--------+--------+-----+--------+
         Total |  48439 |  45227 |   3212 |   2902 |  35210 |  40 | 1211.0 |
       Dungeon |  16457 |  14977 |   1480 |    272 |  12988 |  14 | 1175.5 |
        Temple |     40 |      1 |     39 |      0 |      0 |   1 |   40.0 |
          Lair |   6882 |   6201 |    681 |    320 |   4993 |   5 | 1376.4 |
         Swamp |   3966 |   3784 |    182 |    544 |   2481 |   4 |  991.5 |
   Spider Nest |   1558 |   1534 |     24 |    134 |   1189 |   1 | 1558.0 |
  Orcish Mines |   1630 |   1539 |     91 |     29 |   1154 |   2 |  815.0 |
   Elven Halls |   4098 |   3766 |    332 |    225 |   2845 |   3 | 1366.0 |
        Vaults |   9740 |   9487 |    253 |   1213 |   6754 |   5 | 1948.0 |
         Crypt |   3303 |   3176 |    127 |    109 |   2437 |   3 | 1101.0 |
          Tomb |    101 |    101 |      0 |      0 |     65 |   1 |  101.0 |
      Gauntlet |    660 |    660 |      0 |     56 |    303 |   1 |  660.0 |
               +--------+--------+--------+--------+--------+-----+--------+

Top non-repeatable levels by time:
Vaults:4: 2719 daAuts
Vaults:1: 2206 daAuts
  Lair:3: 1952 daAuts
   Elf:3: 1761 daAuts
Vaults:3: 1749 daAuts
     D:8: 1655 daAuts
     D:5: 1630 daAuts
Vaults:5: 1575 daAuts
Spider:1: 1558 daAuts
    D:10: 1542 daAuts
    D:13: 1530 daAuts
   Elf:1: 1507 daAuts
Vaults:2: 1488 daAuts
     D:2: 1453 daAuts
  Lair:5: 1412 daAuts
